 Dungeon Crawl Stone Soup version 0.22.1-1-ga44c0e5 (webtiles) character file.

12520 Iscandelvey the Thaumaturge (level 11, -4/73 (74) HPs)
             Began as a Demigod Wizard on Oct 4, 2018.
             Slain by a shadow (30 damage)
             ... on level 11 of the Dungeon.
             The game lasted 01:52:06 (17924 turns).

Iscandelvey the Thaumaturge (Demigod Wizard)       Turns: 17924, Time: 01:52:07

HP:   -4/73 (74)    AC:  9    Str: 10    XL:     11   Next: 37%
MP:   29/29         EV: 14    Int: 28    God:
Gold: 567           SH:  0    Dex: 14    Spells: 19/30 levels left

rFire    . . .     SeeInvis .   r - +7 Singing Sword
rCold    . . .     Gourm    .   (no shield)
rNeg     . . .     Faith    .   G - +3 leather armour
rPois    .         Spirit   .   p - +0 helmet
rElec    .         Reflect  .   z - +0 cloak
rCorr    .         Harm     .   (no gloves)
MR       +....                  X - +0 pair of boots (curse)
Stlth    ++++......             D - amulet of rage
HPRegen  0.22/turn              h - ring of stealth
MPRegen  0.21/turn              J - +4 ring of slaying

@: no status effects
A: high mp 1
a: Evoke Berserk Rage


You were on level 11 of the Dungeon.
You were not hungry.

You visited 1 branch of the dungeon, and saw 11 of its levels.
You also visited: Ossuary.

You collected 567 gold pieces.

Inventory:

Hand Weapons
 k - a +2 whip of electrocution
 r - the +7 Singing Sword (weapon)
   (You found it on level 6 of the Dungeon)
 s - a +2 shortbow of freezing
 F - a +0 vampiric halberd
 N - the +6 war axe of the Big Fish {venom, *Rage Str+6 Dex+7}
   (You found it on level 9 of the Dungeon)

   It poisons the flesh of those it strikes.
   It affects your strength (+6).
   It affects your dexterity (+7).
   It may make you go berserk in combat.
 V - the +0 flail of Bujuefil {antimagic, rElec Str+10}
   (You found it on level 7 of the Dungeon)

   It reduces the magical energy of the wielder, and disrupts the spells and
   magical abilities of those hit.
   Natural abilities and divine invocations are not affected.
   It affects your strength (+10).
   It insulates you from electricity.
Missiles
 O - a throwing net (quivered)
 P - 206 arrows
Armour
 c - a +0 buckler
 p - a +0 helmet (worn)
 x - the +6 chain mail of Raufum {rElec rF+ MR++ Int-3}
   (You found it on level 8 of the Dungeon)

   It affects your intelligence (-3).
   It protects you from fire.
   It insulates you from electricity.
   It affects your resistance to hostile enchantments.
 z - a +0 cloak (worn)
 G - a +3 leather armour (worn)
 K - the +1 chain mail of the Fisher {+Inv rCorr}
   (You found it on level 7 of the Dungeon)

   It lets you turn invisible.
   It provides partial protection from all sources of acid and corrosion.
 X - a cursed +0 pair of boots (worn)
Jewellery
 b - a +4 ring of strength {unknown}
 h - a ring of stealth (left hand)
 j - an uncursed ring of poison resistance
 D - an amulet of rage (around neck)
 J - a +4 ring of slaying (right hand)
Wands
 q - a wand of acid (25)
 E - a wand of random effects (25)
 L - a wand of flame (56)
 W - a wand of digging (40)
Scrolls
 e - 15 scrolls of identify
 g - 2 scrolls of noise {unknown}
 i - 3 scrolls of magic mapping {unknown}
 l - 4 scrolls of blinking {unknown}
 o - 2 scrolls of fog {unknown}
 t - 6 scrolls of remove curse
 v - 8 scrolls of teleportation
 y - a scroll of summoning {unknown}
 B - a scroll of random uselessness {unknown}
 C - 2 scrolls of enchant armour {unknown}
 H - 5 scrolls of amnesia {unknown}
 S - 2 scrolls of immolation
Potions
 f - 3 potions of brilliance {unknown}
 m - 2 potions of heal wounds
 n - 4 potions of lignification {unknown}
 u - 3 potions of haste {unknown}
 w - a potion of agility {unknown}
 I - 6 potions of curing
 M - 3 potions of degeneration {unknown}
 R - a potion of flight {unknown}
 T - 2 potions of magic {unknown}
 Y - a potion of mutation {unknown}
Miscellaneous
 a - a fan of gales
Comestibles
 d - 27 rations
 Q - 4 chunks of flesh


   Skills:
 + Level 2.8 Long Blades
 + Level 2.3 Armour
 + Level 4.9 Dodging
 + Level 5.2 Stealth
 * Level 10.2 Spellcasting
 * Level 9.6 Conjurations
 + Level 0.8 Summonings
 + Level 3.6 Translocations
 + Level 2.9 Fire Magic
 + Level 1.0 Air Magic
 + Level 2.2 Poison Magic


You had 19 spell levels left.
You knew the following spells:

 Your Spells              Type           Power        Failure   Level  Hunger
a - Magic Dart            Conj           ####         1%          1    None
b - Blink                 Tloc           N/A          1%          2    None
c - Call Imp              Summ           ###.....     5%          2    None
d - Conjure Flame         Conj/Fire      #####...     1%          3    None
e - Mephitic Cloud        Conj/Pois/Air  #####...     2%          3    None

Your spell library contained the following spells:

 Spells                   Type           Power        Failure   Level  Hunger
 Apportation              Tloc           ####..       1%          1    None
 Summon Small Mammal      Summ           ###.         3%          1    None
 Animate Skeleton         Necr           N/A          5%          1    None
 Beastly Appendage        Tmut           ##....       5%          1    None
 Confusing Touch          Hex            ##....       5%          1    None
 Slow                     Hex            ##......     8%          2    None
 Sticks to Snakes         Tmut           ##......     8%          2    None
 Spider Form              Tmut/Pois      ###.......   10%         3    None
 Ice Form                 Ice/Tmut       ##......     45%         4    None
 Blade Hands              Tmut           ##........   82%         5    ###....


Dungeon Overview and Level Annotations

Branches:
Dungeon (11/15)            Temple (0/1) D:4            Lair (0/6) D:8
    Orc: D:9-12

Shops:
D:11 [

Annotations:
D:4 1 runed door, miragecloak's ghost, amateur OpTm
D:7 3 runed doors, Asgaroth's ghost, novice TrMo; Folque's ghost, novice TrHu; Starchild's ghost, novice MfSk; sbiou's ghost, novice GnSk


Innate Abilities, Weirdness & Mutations

You have an increased reservoir of magic. (+10% MP)


Message History

You hit the shadow.
The shadow is moderately damaged.
The shadow hits you. x2
You hit the shadow.
The shadow is heavily damaged.
The shadow barely misses you.
You slash the shadow!
The shadow is almost destroyed.
The shadow slips into darkness.
The shadow flickers and vanishes!
Deactivating autopickup; reactivate with Ctrl-A.
You closely miss something.
The shadow strikes at you from the darkness!
Reactivating autopickup.
The shadow slips into darkness.
The shadow flickers and vanishes!
Deactivating autopickup; reactivate with Ctrl-A.
You hit something but do no damage.
The shadow strikes at you from the darkness!
You die...

..####..#####..............
...................####.. .
.................# #.. .
#..#####........# #.. . #.)#
#........# #.. . .. #.)#
#........# #.. .
...####.(#####........# #..
..# #.......[)(...........#
#.. ..#
#..).....).@{...)(....# #..
..#
#..####).#####..............
..# #. #..# #..............
..####. #..# #........####..
........####.<# #.(......#
#.. ........(.)((.#
#......(.# #..
..............# #.......(#
........####..# #...(.....
........# #..# #........


There were no monsters in sight!

Vanquished Creatures
  A hydra (D:9)
  A two-headed ogre (D:5)
  A deep elf mage (D:11)
  A manticore (D:11)
  3 trolls (D:11)
  A hornet (D:11)
  2 dream sheep (D:9)
  A hippogriff (D:10)
  A wraith (D:10)
  A wyvern (D:9)
  A basilisk (D:11)
  16 yaks
  A steam dragon (D:9)
  2 wargs (D:8)
  4 orc warriors
  2 black bears
  A necrophage (D:7)
  3 sky beasts
  9 ogres
  3 ice beasts
  A phantom (D:4)
  8 centaurs
  4 big kobolds
  5 bullfrogs
  2 water moccasin zombies
  4 scorpions
  2 howler monkeys
  3 wights (D:7)
  7 crimson imps
  3 bullfrog zombies (D:5)
  3 quasits (D:9)
  2 centaur skeletons
  4 jellies
  2 bullfrog skeletons
  6 hounds
  6 orc priests
  A gnoll shaman (D:5)
  7 iguanas
  Terence (D:3)
  6 orc wizards
  9 worker ants
  2 big kobold zombies (Ossuary)
  2 hound skeletons
  A hound zombie (D:6)
  2 mummies (Ossuary)
  2 worker ant zombies
  22 gnolls
  8 adders
  3 shadow imps
  3 oozes
  4 adder zombies
  An adder skeleton (D:6)
  5 worms
  5 dart slugs
  11 leopard geckos
  52 orcs
  3 giant cockroaches
  6 goblins
  7 hobgoblins
  13 jackals
  9 kobolds
  5 quokkas
  4 ball pythons
  14 bats
  4 frilled lizards
  5 gnoll zombies (Ossuary)
  2 hobgoblin zombies (Ossuary)
  A jackal zombie (D:6)
  6 kobold zombies (Ossuary)
  3 orc zombies (Ossuary)
  A quokka zombie (D:9)
  9 rats
356 creatures vanquished.

Vanquished Creatures (others)
  3 plants (D:9)
  7 withered plants
10 creatures vanquished.

Grand Total: 366 creatures vanquished

Notes
Turn   | Place    | Note
-------+----------+-------------------------------------------
     0 | D:1      | Iscandelvey the Demigod Wizard began the quest for the Orb.
     0 | D:1      | Reached XP level 1. HP: 14/14 MP: 6/6
   113 | D:1      | Reached skill level 1 in Conjurations
   251 | D:1      | Reached skill level 3 in Spellcasting
   269 | D:1      | Reached XP level 2. HP: 13/20 MP: 0/8
  1189 | D:1      | Reached XP level 3. HP: 26/26 MP: 10/10
  1543 | D:2      | Reached XP level 4. HP: 9/33 MP: 0/12
  1830 | D:1      | Learned a level 2 spell: Blink
  1833 | D:1      | Learned a level 2 spell: Call Imp
  1837 | D:1      | Learned a level 3 spell: Conjure Flame
  2049 | D:2      | Found a sparkling altar of Nemelex Xobeh.
  2050 | D:2      | Found a sacrificial altar of Ru.
  2275 | D:2      | Found an iron altar of Okawaru.
  2576 | D:2      | Reached skill level 4 in Spellcasting
  2935 | D:3      | Learned a level 3 spell: Mephitic Cloud
  3376 | D:2      | Reached XP level 5. HP: 38/38 MP: 10/14
  4222 | D:3      | Noticed Terence
  4234 | D:3      | Killed Terence
  4354 | D:3      | Found a hide-covered altar of Uskayaw.
  4354 | D:3      | Found a basalt altar of Yredelemnul.
  4680 | D:4      | Found a runed door.
  4684 | D:4      | Noticed miragecloak's ghost (amateur OpTm)
  4819 | D:4      | Noticed a phantom
  4819 | D:4      | Noticed a two-headed ogre
  4821 | D:4      | Found a staircase to the Ecumenical Temple.
  4821 | D:4      | Noticed an ogre
  4845 | D:5      | Entered Level 5 of the Dungeon
  5219 | D:4      | Reached XP level 6. HP: 44/45 MP: 14/16
  5804 | D:4      | Reached skill level 1 in Translocations
  6014 | D:4      | Reached skill level 5 in Spellcasting
  6622 | D:5      | Reached XP level 7. HP: 44/50 MP: 18/18
  6993 | D:5      | Reached skill level 6 in Spellcasting
  7575 | D:5      | Reached skill level 1 in Fire Magic
  7631 | D:5      | Found Unaor's General Store.
  7805 | D:5      | Reached XP level 8. HP: 57/57 MP: 21/21
  7931 | D:5      | Reached skill level 5 in Conjurations
  8181 | D:5      | Killed a two-headed ogre
  8181 | D:5      | Reached skill level 7 in Spellcasting
  8565 | D:6      | Found the +7 Singing Sword
  8649 | D:6      | Found a sand-covered staircase.
  8691 | Ossuary  | Entered an ossuary
  8768 | Ossuary  | Reached XP level 9. HP: 56/62 MP: 24/24
  9965 | D:7      | Got a crystal flail
  9966 | D:7      | Identified the cursed +0 flail of Bujuefil {antimagic,
                  | rElec Str+10} (You found it on level 7 of the Dungeon)
 10342 | D:7      | Reached skill level 8 in Spellcasting
 10374 | D:7      | Found a blossoming altar of Fedhas.
 10432 | D:7      | Got a faintly glowing chain mail
 10900 | D:7      | Found a burning altar of Makhleb.
 11043 | D:7      | Found a runed gate.
 11043 | D:7      | Found a runed gate.
 11045 | D:7      | Found a runed gate.
 11046 | D:7      | Noticed Folque's ghost (novice TrHu)
 11047 | D:7      | Noticed Asgaroth's ghost (novice TrMo)
 11047 | D:7      | Noticed Starchild's ghost (novice MfSk)
 11048 | D:7      | Noticed sbiou's ghost (novice GnSk)
 11406 | D:8      | Got a jewelled chain mail
 11512 | D:8      | Found an opulent altar of Gozag.
 11598 | D:8      | Reached skill level 1 in Poison Magic
 12080 | D:8      | Found a staircase to the Lair.
 12734 | D:8      | Reached XP level 10. HP: 68/68 MP: 19/26
 14264 | D:9      | Noticed a three-headed hydra
 14275 | D:9      | Killed a three-headed hydra
 14275 | D:9      | Reached skill level 5 in Stealth
 14275 | D:9      | Reached skill level 9 in Spellcasting
 14932 | D:9      | Got a slimy war axe
 14933 | D:9      | Identified the +6 war axe of the Big Fish {venom, *Rage
                  | Str+6 Dex+7} (You found it on level 9 of the Dungeon)
 14950 | D:9      | Identified the +6 chain mail of Raufum {rElec rF+ MR++
                  | Int-3} (You found it on level 8 of the Dungeon)
 14960 | D:9      | Identified the +1 chain mail of the Fisher {+Inv rCorr}
                  | (You found it on level 7 of the Dungeon)
 15044 | D:9      | Found a shadowy altar of Dithmenos.
 15320 | D:10     | Entered Level 10 of the Dungeon
 16991 | D:11     | Found Diepsul's Armour Emporium.
 17095 | D:11     | Noticed a manticore
 17133 | D:11     | Reached skill level 1 in Armour
 17133 | D:11     | Reached XP level 11. HP: 69/73 MP: 17/29
 17156 | D:11     | Reached skill level 10 in Spellcasting
 17402 | D:10     | Reached skill level 1 in Long Blades
 17627 | D:11     | Noticed a deep elf mage
 17888 | D:11     | Killed a deep elf mage
 17888 | D:11     | Reached skill level 1 in Air Magic
 17924 | D:11     | Slain by a shadow

Skill      XL: |  1  2  3  4  5  6  7  8  9 10 11 |
---------------+----------------------------------+-----
Conjurations   | 1 2 3 4 6 8 9 |  9.6
Spellcasting   | 3 4 5 6 7 8 9 10 | 10.2
Dodging        | 2 3 4 |  4.9
Stealth        | 2 3 4 5 |  5.2
Translocations | 1 2 3 |  3.6
Fire Magic     | 1 2 |  2.9
Poison Magic   | 1 2 |  2.2
Armour         | 1 2 |  2.3
Long Blades    | 2 |  2.8
Air Magic      | 1 |  1.0
Summonings     | |  0.8

Action                   |  1- 3 |  4- 6 |  7- 9 | 10-12 || total
-------------------------+-------+-------+-------+-------++-------
Melee: Unarmed           |     9 |       |       |       ||     9
       Whip              |    24 |    60 |   287 |    49 ||   420
       Double sword      |       |       |       |    55 ||    55
 Fire: Shortbow          |       |       |       |   338 ||   338
Throw: Stone             |       |       |    12 |       ||    12
       Tomahawk          |       |       |    12 |       ||    12
 Cast: Magic Dart        |    72 |   187 |   328 |    62 ||   649
       Blink             |       |     7 |     7 |    11 ||    25
       Conjure Flame     |       |    11 |    33 |    33 ||    77
       Mephitic Cloud    |       |     6 |     9 |    15 ||    30
  Use: Scroll            |       |       |     5 |     1 ||     6
 Stab: Sleeping          |     8 |     1 |    20 |     1 ||    30
       Confused          |       |     1 |     4 |     2 ||     7
       Distracted        |       |       |     1 |       ||     1
  Eat: Chunk             |     2 |     6 |    19 |    13 ||    40
       Ration            |       |     3 |       |     1 ||     4
Armor: Robe              |    17 |    16 |       |       ||    33
       Leather armour    |       |    10 |    92 |    76 ||   178
Dodge: Dodged            |    39 |    69 |   165 |   149 ||   422
Block: Buckler           |       |       |       |     1 ||     1
       Rpst.: Double sword |       |       |       |    10 ||    10
